 Dungeon Crawl Stone Soup version 0.30-a0-852-g08b95dd62f (webtiles) character file.

Game seed: 11813501500370026825

2307 themarg the Summoner (level 9, -6/60 (68) HPs)
             Began as a Merfolk Summoner on Mar 4, 2023.
             Was an Initiate of Gozag.
             Mangled by a wight
             ... wielding a +4 halberd of freezing
              (9 damage)
             ... on level 7 of the Dungeon.
             The game lasted 00:26:26 (7925 turns).

themarg the Summoner (Merfolk Summoner)             Turns: 7925, Time: 00:26:27

HP:   -6/60 (68)    AC:  3    Str:  9    XL:     9   Next: 41%
MP:   5/13          EV: 14    Int: 18    God:    Gozag
Gold: 534           SH:  0    Dex: 14    Spells: 5/14 levels left

rFire   . . .      SeeInvis .    J - +0 trident
rCold   . . .      Faith    .    (no shield)
rNeg    . . .      Spirit   .    a - +0 robe
rPois   .          Reflect  .    B - +0 helmet
rElec   .          Rampage  .    (no cloak)
rCorr   .                        (no gloves)
Will    +....                    (no boots)
Stlth   ++                       (no amulet)
HPRegen 0.30/turn                u - ring of willpower
MPRegen 0.13/turn                (no ring)

@: heavily drained
A: (nimble swimmer 2), mertail
a: Renounce Religion, Potion Petition, Call Merchant, Bribe Branch


You were on level 7 of the Dungeon.
You worshipped Gozag.
Gozag was pleased with you.
You visited 2 branches of the dungeon, and saw 8 of its levels.

You collected 602 gold pieces.
You paid 68 gold pieces to Gozag.

Inventory:

Hand Weapons
 z - the +9 whip of the Final Decision {drain, Int+3}
   (You found it on level 3 of the Dungeon)

   Int:       It affects your intelligence (+3).
 J - a +0 trident (weapon)
Missiles
 e - 7 boomerangs
 g - 76 stones
 x - 5 poisoned darts
 y - 5 javelins
Armour
 a - a +0 robe (worn)
 B - a +0 helmet (worn)
 C - a +3 leather armour
Magical Staves
 c - a staff of conjuration
Jewellery
 t - a ring of ice
 u - a ring of willpower (left hand)
Wands
 l - a wand of roots (12)
 r - a wand of paralysis (9)
 v - a wand of mindburst (2)
Scrolls
 d - a scroll of enchant armour {unknown}
 j - a scroll of vulnerability {unknown}
 k - 3 scrolls of teleportation {unknown}
 n - a scroll of summoning {unknown}
 o - 3 scrolls of enchant weapon
 p - a scroll of fog {unknown}
 s - 2 scrolls of magic mapping {unknown}
 D - a scroll of amnesia {unknown}
 I - a scroll of brand weapon {unknown}
 K - a scroll of fear {unknown}
Potions
 b - a potion of magic
 f - 3 potions of lignification
 h - 5 potions of curing
 i - a potion of cancellation {unknown}
 m - 2 potions of attraction {unknown}
 q - a potion of brilliance {unknown}
 w - 2 potions of heal wounds
 A - a potion of degeneration {unknown}
 E - 3 potions of berserk rage
 G - a potion of might {unknown}
 H - 2 potions of ambrosia {unknown}


   Skills:
 - Level 5.0 Fighting
 + Level 0.7 Polearms
 - Level 5.0 Dodging
 - Level 3.0 Stealth
 - Level 3.0 Spellcasting
 - Level 3.0 Hexes
 - Level 10.0 Summonings
 - Level 3.0 Air Magic


You had 5 spell levels left.
You knew the following spells:

 Your Spells              Type           Power      Damage    Failure   Level
a - Summon Small Mammal   Summ           100%       N/A       1%          1
b - Call Imp              Summ           38%        N/A       1%          2
c - Call Canine Familiar  Summ           38%        N/A       1%          3
d - Summon Guardian Gole  Hex/Summ       26%        N/A       3%          3

Your spell library contained the following spells:

 Spells                   Type           Power      Damage    Failure   Level
 Summon Lightning Spire   Summ/Air       26%        N/A       11%         4
 Poisonous Vapours        Pois/Air       16%        N/A       13%         2
 Sandblast                Erth           4%         2d4       16%         1
 Cigotuvi's Dreadful Rot  Necr/Pois/Air  12%        N/A       16%         2
 Blink                    Tloc           4%         N/A       24%         2
 Passwall                 Tmut/Erth      1%         N/A       24%         2
 Mephitic Cloud           Conj/Pois/Air  6%         N/A       32%         3
 Hailstorm                Conj/Ice       2%         3d3       43%         3
 Stone Arrow              Conj/Erth      4%         3d7       43%         3
 Ice Form                 Ice/Tmut       2%         N/A       85%         4
 Manifold Assault         Tloc           2%         N/A       85%         4
 Storm Form               Tmut/Air       4%         N/A       100%        7
 Simulacrum               Ice/Necr       Unusable   N/A       N/A         6

Dungeon Overview and Level Annotations

Branches:
Dungeon (7/15)             Temple (1/1) D:5

Altars:
Ashenzari
Cheibriados
Fedhas
Gozag
Hepliaklqana
Kikubaaqudgha
Makhleb
Okawaru
Qazlal
Sif Muna
Trog
Vehumet
Wu Jian
Yredelemnul
The Shining One

Annotations:
D:5 1 runed translucent door, exclusion: door, patfeehan111222's ghost, novice MiBe


Innate Abilities, Weirdness & Mutations

((You are very nimble when in or above water. (Stealth+, EV+, Speed+++)))
Your lower body shifts to a powerful aquatic tail in water.


Message History

Your wolf seems less drained.
Your guardian golem disappears in a puff of smoke!
Your wolf disappears in a puff of smoke!
A wight comes into view.
It is wielding a +1 great sword of freezing.
Things that are here:
9 gold pieces; a +0 spear; a +0 robe A wight is nearby!
A beastly little devil appears in a puff of frigid air.
A wight comes into view.
It is wielding a +4 halberd of freezing.
The wight barely misses your hound.
Your hound bites the wight.
Your white imp gestures at the wight.
The puff of frost hits the wight.
The wight resists.
You see here a red potion.
Reach: J) +0 trident
Press: ? - help, Dir - move target, f - wight
Aim: a wight, wielding a +1 great sword of freezing and wearing a +0 robe (moderately damaged, ally target, about 41% to evade your +0 trident)
You reach to attack!
You closely miss the wight.
The wight is moderately damaged.
Your hound barely misses the wight.
The wight hits your hound with a +1 great sword of freezing!
The wight freezes your hound.
Your hound dies!
Your hound's corpse disappears in a puff of smoke!
Reach: J) +0 trident
Press: ? - help, Dir - move target, f/p - wight
Aim: a wight, wielding a +1 great sword of freezing and wearing a +0 robe (moderately damaged, ally target, about 41% to evade your +0 trident)
You reach to attack!
You hit the wight.
The wight is heavily damaged.
Your white imp hits the wight but does no damage.
The wight hits you from afar with a +4 halberd of freezing!
You feel drained. The wight freezes you!
Your white imp gestures at the wight.
The puff of frost hits the wight.
The wight completely resists.
The wight hits you with a +1 great sword of freezing!
You feel drained. The wight freezes you.
The wight hits you from afar with a +4 halberd of freezing!!
* * * LOW HITPOINT WARNING * * *
You feel drained.
You die...
Your body crumbles into a pile of gold.

.......##..#..####....
..........>...####..#
#....##....#.##.....
....##.......###..#
##...........##....
#...[#...###.###..# $
#h#$.....# ###.....
###.##5z.###..# ##_###
.....z.@## ##...# ###
##....### ###..# #...#
#... ..... #... ....
... ... .. .


You could see 2 wights, a friendly wolf (summoned) and a friendly white imp
(summoned).

Vanquished Creatures
  An ice beast (D:6)
  An ogre (D:6)
  A phantom (D:5)
  A centaur (D:6)
  A bullfrog (D:6)
  A quasit (D:5)
  A jelly (D:5)
  A sleepcap (D:6)
  Robin (D:4)
  An adder (D:5)
  A gnoll (D:1)
  2 shadow imps
  2 white imps (D:5)
  4 orcs
  3 endoplasms (D:1)
  7 goblins
  3 hobgoblins
  2 jackals (D:4)
  A quokka (D:4)
  3 bats
  A frilled lizard (D:1)
  2 rats (D:1)
41 creatures vanquished.

Vanquished Creatures (collateral kills)
  A water moccasin (D:6)
  An ice beast (D:7)
  3 black bears
  2 ogres
  2 phantoms (D:6)
  3 scorpions
  A wight (D:7)
  A hound (D:6)
  A jelly (D:7)
  An orc priest (D:7)
  A sleepcap (D:6)
  2 iguanas
  2 orc wizards
  8 adders
  2 shadow imps
  A white imp (D:5)
  An ufetubus (D:5)
  3 worms
  A dart slug (D:2)
  15 orcs
  6 bats
  4 endoplasms
  A giant cockroach (D:2)
  8 goblins
  6 hobgoblins
  8 jackals
  5 quokkas
  5 ball pythons
  4 frilled lizards
  4 kobolds
  2 rats (D:2)
105 creatures vanquished.

Vanquished Creatures (others)
  A steam dragon (D:6)
  A centaur (D:6)
  A scorpion (D:6)
  A sleepcap (D:6)
  An adder (D:6)
  A white imp (D:6)
  5 demonic plants (D:5)
  2 withered plants (D:5)
13 creatures vanquished.

Grand Total: 159 creatures vanquished

Notes
Turn   | Place    | Note
-------+----------+-------------------------------------------
     0 | D:1      | themarg the Merfolk Summoner began the quest for the Orb.
     0 | D:1      | Reached XP level 1. HP: 13/13 MP: 3/3
   141 | D:1      | Reached XP level 2. HP: 19/19 MP: 3/5
   144 | D:1      | Learned a level 2 spell: Call Imp
   558 | D:1      | Reached XP level 3. HP: 24/24 MP: 2/6
  1110 | D:1      | Reached skill level 5 in Summonings
  1324 | D:1      | Learned a level 3 spell: Call Canine Familiar
  1736 | D:2      | Reached XP level 4. HP: 30/30 MP: 1/7
  3249 | D:3      | Identified the +9 whip of the Final Decision {drain, Int+3}
  3325 | D:4      | Noticed Robin
  3331 | D:4      | Reached XP level 5. HP: 32/35 MP: 1/8
  3342 | D:4      | Reached skill level 6 in Summonings
  3434 | D:4      | Noticed an ogre
  3456 | D:4      | Killed an ogre
  3518 | D:4      | Found a shimmering blue altar of Sif Muna.
  3524 | D:4      | Found an ornate altar of the Wu Jian Council.
  3658 | D:4      | Reached XP level 6. HP: 41/41 MP: 3/9
  3677 | D:4      | Reached skill level 7 in Summonings
  3777 | D:4      | Found a stormy altar of Qazlal.
  4167 | D:4      | Killed Robin
  4377 | D:5      | Entered Level 5 of the Dungeon
  4454 | D:5      | Noticed a black bear
  4471 | D:5      | Killed a black bear
  4700 | D:5      | Reached skill level 8 in Summonings
  4700 | D:5      | Reached XP level 7. HP: 46/46 MP: 4/10
  4755 | D:5      | Found a staircase to the Ecumenical Temple.
  4765 | Temple   | Entered the Ecumenical Temple
  5032 | D:5      | Found a runed translucent door.
  5038 | D:5      | Noticed patfeehan111222's ghost (novice MiBe)
  5144 | D:5      | Reached skill level 9 in Summonings
  5654 | Temple   | Became a worshipper of Gozag Ym Sagoz the Greedy
  5848 | D:5      | Learned a level 3 spell: Summon Guardian Golem
  5891 | D:6      | Reached skill level 1 in Hexes
  5891 | D:6      | Reached XP level 8. HP: 50/52 MP: 7/11
  6369 | D:6      | Reached skill level 10 in Summonings
  6515 | D:6      | Reached skill level 1 in Fighting
  7020 | D:6      | Reached skill level 5 in Dodging
  7020 | D:6      | Reached XP level 9. HP: 64/64 MP: 7/13
  7149 | D:6      | Reached skill level 5 in Fighting
  7175 | D:6      | Reached skill level 1 in Air Magic
  7457 | D:6      | Found a basalt altar of Yredelemnul.
  7642 | D:7      | Found a blossoming altar of Fedhas.
  7835 | D:7      | Found an ancient bone altar of Kikubaaqudgha.
  7838 | D:7      | Found a broken altar of Ashenzari.
  7925 | D:7      | HP: 3/63 [wight/+4 halberd of freezing (18)]
  7925 | D:7      | Mangled by a wight

Illustrated notes

Levels and vault maps discovered:
D:1:      scummos_arrival_hexagon, layout_basic
D:2:      layout_basic, minmay_misc_feat_rows, minmay_misc_feat_tower
D:3:      layout_basic
D:4:      layout_loops_ring, mainiacjoe_overflow_concentric_impassable,
          nicolae_overflow_hidden_temple, uniq_robin
D:5:      layout_basic, serial_demonic, serial_demonic_f, serial_demonic_d,
          serial_demonic_b, serial_demonic_c, gammafunk_ghost_grave
D:6:      layout_loops_corners, yredelemnul_altar_generic, st_stairs_13,
          minmay_misc_feat_enclosed, minmay_pentangle
D:7:      layout_rooms, minitemple, mainiacjoe_overflow_catwalk, uniq_joseph
Temple:   hellmonk_temple_two_chambers

Skill      XL: |  1  2  3  4  5  6  7  8  9 |
---------------+----------------------------+-----
Stealth        | 3 |  3.0
Summonings     | 5 6 8 9 10 | 10.0
Hexes          | 1 3 |  3.0
Fighting       | 3 5 |  5.0
Dodging        | 5 |  5.0
Spellcasting   | 3 |  3.0
Air Magic      | 3 |  3.0
Polearms       | |  0.7

Action                     |  1- 3 |  4- 6 |  7- 9 || total
---------------------------+-------+-------+-------++-------
  Melee: Dagger            |    58 |    18 |       ||    76
         Unarmed           |     1 |       |       ||     1
         Whip              |       |    38 |    34 ||    72
         Punch             |       |     1 |     2 ||     3
         Trident           |       |       |    41 ||    41
   Cast: Summon Small Mamm |    37 |    30 |     3 ||    70
         Call Imp          |    12 |    19 |    10 ||    41
         Call Canine Famil |     2 |    17 |    30 ||    49
         Summon Guardian G |       |       |    10 ||    10
    Use: Scroll            |       |     4 |     1 ||     5
   Stab: Distracted        |     1 |       |     1 ||     2
         Sleeping          |     1 |       |       ||     1
 Armour: Robe              |     9 |     9 |     8 ||    26
  Dodge: Dodged            |    43 |    50 |    34 ||   127

Table legend: (Time is in decaauts)
 A = Elapsed time spent in this place.
 B = Non-inter-level travel time spent in this place.
 C = Inter-level travel time spent in this place.
 D = Time resting spent in this place.
 E = Time spent auto-exploring this place.
 F = Levels seen in this place.
 G = Mean time per level.
                   A        B        C        D        E       F      G
               +--------+--------+--------+--------+--------+-----+--------+
         Total |   7947 |   7644 |    303 |    551 |   5738 |   8 |  993.4 |
       Dungeon |   7887 |   7592 |    295 |    551 |   5701 |   7 | 1126.7 |
        Temple |     60 |     52 |      8 |      0 |     37 |   1 |   60.0 |
               +--------+--------+--------+--------+--------+-----+--------+

Top non-repeatable levels by time:
     D:6: 1770 daAuts
     D:5: 1399 daAuts
     D:1: 1387 daAuts
     D:2: 1084 daAuts
     D:4: 1036 daAuts
     D:3: 921 daAuts
     D:7: 286 daAuts
  Temple: 60 daAuts
